 Dungeon Crawl Stone Soup version 0.30-a0-341-g682706514a (webtiles) character file.

Game seed: 5086151156167430330

40 p00ps00p the Insei (level 3, 0/28 HPs)
             Began as a Djinni Transmuter on Nov 4, 2022.
             Slain by a jackal (2 damage)
             ... on level 1 of the Dungeon.
             The game lasted 00:04:07 (980 turns).

p00ps00p the Insei (Djinni Transmuter)               Turns: 980, Time: 00:04:09

Health: 0/28       AC:  2    Str:  9    XL:     3   Next: 72%
Gold:   79         EV: 12    Int: 16    God:
                   SH:  0    Dex: 13

rFire   + + .      SeeInvis .      - Unarmed
rCold   x . .      Faith    .    (no shield)
rNeg    . . .      Spirit   .    a - +0 robe
rPois   ∞          Reflect  .    (helmet currently unavailable)
rElec   .          Harm     .    (no cloak)
rCorr   .          Rampage  .    (no gloves)
Will    .....                    (boots unavailable)
Stlth   +.........               (no amulet)
HPRegen 0.24/turn                (no ring)
MPRegen 0.00/turn                (no ring)

@: appendages, wereblooded, flying
A: horns 2, flying, sickness immunity, fire resistance 2, cold vulnerability 1,
float, innate caster, HP casting, extra vitality 1
a: End Transformation


You were on level 1 of the Dungeon.
You had temporarily grown beastly horns.
You visited 1 branch of the dungeon, and saw 2 of its levels.

You collected 79 gold pieces.

Inventory:

Missiles
 i - 6 atropa-tipped darts
Armour
 a - a +0 robe (worn)
Scrolls
 b - a scroll of enchant weapon {unknown}
 d - a scroll of immolation {unknown}
 e - a scroll of enchant armour {unknown}
 f - 4 scrolls of identify {unknown}
Potions
 c - a potion of flight {unknown}
 g - a potion of invisibility {unknown}
 h - a potion of attraction {unknown}
 j - 2 potions of curing {unknown}


   Skills:
 + Level 1.8 Fighting
 + Level 2.7 Dodging
 + Level 3.4 Unarmed Combat
 + Level 2.0 Spellcasting


You couldn't memorise any spells.
You knew the following spells:

 Your Spells              Type           Power      Damage    Failure   Level
a - Beastly Appendage     Tmut           16%        N/A       9%          1
b - Wereblood             Tmut           8%         N/A       14%         2
c - Spider Form           Tmut/Pois      8%         N/A       26%         3
d - Ice Form              Ice/Tmut       8%         N/A       65%         4
e - Slow                  Hex            32%        N/A       9%          1
Your spell library was empty.

Dungeon Overview and Level Annotations

Branches:
Dungeon (2/15)

Altars:

Shops:
D:1 ([::


Innate Abilities, Weirdness & Mutations

You have temporarily grown beastly horns.
You are flying.
You are immune to sickness and miasma.
You are immune to poison.
Your flesh is very heat resistant. (rF++)
You are vulnerable to cold. (rC-)
You float through the air rather than walking.
You learn spells naturally, not from books.
Your magical power is your life essence.
You have superior vitality. (+4 MHP)


Message History

The hobgoblin completely misses you.
You hit the hobgoblin but do no damage. Your headbutt misses the hobgoblin.
The hobgoblin is moderately wounded.
The jackal bites you but does no damage.
The jackal bites you. The hobgoblin hits you. The jackal closely misses you.
The jackal misses you.
You hit the jackal but do no damage. Your headbutt misses the jackal.
Your horns disappear.
The jackal closely misses you. The jackal bites you. The hobgoblin hits you.
Unknown command.
Casting: Beastly Appendage (safe; 9% risk of failure)
Confirm with . or Enter, or press ? or * to list all spells.
You grow a pair of large bovine horns.
The jackal bites you. x2
The hobgoblin hits you.
Casting: Beastly Appendage (safe; 9% risk of failure)
Confirm with . or Enter, or press ? or * to list all spells.
Your blood is infused with primal strength.
* * * LOW HITPOINT WARNING * * *
The jackal bites you.
* * * LOW HITPOINT WARNING * * *
The jackal bites you.
* * * LOW HITPOINT WARNING * * *
The jackal misses you. x2; The hobgoblin barely misses you.
You closely miss the jackal. The jackal closely misses you.
The jackal barely misses you. The hobgoblin hits you.
* * * LOW HITPOINT WARNING * * *
You barely miss the jackal.
The jackal bites you but does no damage.
The jackal closely misses you.
You hit the jackal but do no damage. Your headbutt misses the jackal.
The jackal barely misses you. The jackal closely misses you.
The hobgoblin barely misses you. The jackal bites you.
* * * LOW HITPOINT WARNING * * *
You barely miss the jackal. You headbutt the jackal.
The jackal is heavily wounded.
The jackal bites you but does no damage.
The hobgoblin completely misses you.
The jackal bites you but does no damage.
The jackal bites you.
You die...

#.# #.# #..# #.#
#.# #..# #.# #.#
#..# ..# #.## #..#
### ### #..# #..#
####.. ##†#
#..###.##8# #.#
#..##.#..>.
#######h#
#..##..8.∩.
.....Jh@#
#..###.##.#
#######g#
#...##.##8# #.#
#)........# #.#
###.####### ..#
#.# #.# #.# #.#
#.#######
#.########........
....(....#######


You could see an endoplasm, 2 jackals and a hobgoblin.

Vanquished Creatures
  An adder (D:2)
  A dart slug (D:1)
  4 bats
  2 endoplasms (D:1)
  2 giant cockroaches (D:1)
  A goblin (D:1)
  4 hobgoblins
  3 jackals (D:1)
  A quokka (D:1)
  3 ball pythons (D:1)
  2 frilled lizards (D:1)
  2 kobolds (D:2)
  A rat (D:1)
27 creatures vanquished.

Notes
Turn   | Place    | Note
-------+----------+-------------------------------------------
     0 | D:1      | p00ps00p the Djinni Transmuter began the quest for the Orb.
     0 | D:1      | p00ps00p set off with the following spells memorised:
                  | Beastly Appendage, Wereblood, Spider Form, Ice Form.
     0 | D:1      | Reached XP level 1. HP: 17/17 MP: 0/0
    70 | D:1      | Found Odghupsan's Antique Armour Shoppe.
    77 | D:1      | Reached XP level 2. HP: 22/22 MP: 0/0
    77 | D:1      | Found Juorups's Antique Weapon Emporium.
   293 | D:1      | You are sucked into a shaft and drop 1 floor!
   308 | D:2      | Found a faded altar of an unknown god.
   331 | D:2      | Reached XP level 3. HP: 3/27 MP: 0/0
   331 | D:2      | Learned a level 1 spell: Slow
   496 | D:1      | Found Hasuyrap's Book Boutique.
   551 | D:1      | Found Uwuzas's Book Boutique.
   980 | D:1      | Slain by a jackal

Illustrated notes

Levels and vault maps discovered:
D:1:      minmay_arrival_glassed_features, layout_loops_ring, serial_shops,
          shop, nicolae_shop_temple_entry_statues_fountains, shop,
          nicolae_shop_statue_plus
D:2:      layout_rooms, chequers_ecumenical_altar_simple, serial_shops,
          nicolae_shop_temple_entry_statues_fountains

Skill      XL: |  1  2  3 |
---------------+----------+-----
Spellcasting   | 2 |  2.0
Fighting       | |  1.8
Dodging        | |  2.7
Unarmed Combat | |  3.4

Action                   || total
-------------------------++-------
Melee: Unarmed           ||   111
       Headbutt          ||    10
       Punch             ||     3
 Cast: Beastly Appendage ||    17
       Wereblood         ||     5
  Use: Potion            ||     1
Armor: Robe              ||    28
       Skin              ||    19
Dodge: Dodged            ||    90

Table legend: (Time is in decaauts)
 A = Elapsed time spent in this place.
 B = Non-inter-level travel time spent in this place.
 C = Inter-level travel time spent in this place.
 D = Time resting spent in this place.
 E = Time spent auto-exploring this place.
 F = Levels seen in this place.
 G = Mean time per level.
                   A        B        C        D        E       F      G
               +--------+--------+--------+--------+--------+-----+--------+
         Total |    972 |    972 |      0 |     71 |    638 |   2 |  486.0 |
       Dungeon |    972 |    972 |      0 |     71 |    638 |   2 |  486.0 |
               +--------+--------+--------+--------+--------+-----+--------+

Top non-repeatable levels by time:
     D:1: 896 daAuts
     D:2: 75 daAuts
